 Dungeon Crawl Stone Soup version 0.28-a0-750-g7c675f85b1 (webtiles) character file.

Game seed: 3809115138198735663

3317 lawman0 the Cleaver (level 9, -2/72 HPs)
             Began as a Palentonga Berserker on Oct 30, 2021.
             Was a High Priest of Trog.
             Slain by a killer bee (3 damage)
             ... on level 7 of the Dungeon.
             The game lasted 00:09:03 (8623 turns).

lawman0 the Cleaver (Palentonga Berserker)          Turns: 8623, Time: 00:09:04

Health: -2/72      AC: 15    Str: 24    XL:     9   Next: 71%
Magic:  9/9        EV: 10    Int:  7    God:    Trog [*****.]
Gold:   426        SH:  0    Dex: 10    Spells: 8/8 levels left

rFire   . . .      SeeInvis +   a - +0 battleaxe
rCold   . . .      Faith    .   (shield currently unavailable)
rNeg    . . .      Spirit   .   g - +0 chain mail
rPois   +          Reflect  .   (no helmet)
rElec   .          Harm     .   (no cloak)
rCorr   .          Rampage  .   (no gloves)
Will    .....                   (no barding)
Stlth   ..........              (no amulet)
HPRegen 0.22/turn               d - ring of poison resistance
MPRegen 0.11/turn               f - +4 ring of evasion

@: lethally poisoned (-2 -> -5), on berserk cooldown, slowed, curled up, very
slow
A: large, rugged brown scales 3, see invisible, deformed body, roll 1, armoured
tail, reflexive curl
a: Rolling Charge, Renounce Religion, Berserk, Trog's Hand, Brothers in Arms


You were on level 7 of the Dungeon.
You worshipped Trog.
Trog was extremely pleased with you.
You visited 1 branch of the dungeon, and saw 7 of its levels.
You also visited: Sewer.

You collected 426 gold pieces.

Inventory:

Hand Weapons
 a - a +0 battleaxe (weapon)
Missiles
 h - 49 poisoned darts (quivered)
 q - a boomerang
Armour
 g - a +0 chain mail (worn)
Jewellery
 d - a ring of poison resistance (left hand)
 f - a +4 ring of evasion (right hand)
 m - a ring of resist corrosion
Wands
 s - a wand of digging (4)
 u - a wand of paralysis (11)
Scrolls
 e - 2 scrolls of enchant armour
 i - a scroll of teleportation
 j - a scroll of blinking {unknown}
 o - a scroll of holy word {unknown}
Potions
 b - 2 potions of curing {unknown}
 c - 3 potions of flight {unknown}
 k - 2 potions of degeneration {unknown}
 l - a potion of lignification {unknown}
 n - a potion of resistance {unknown}
 p - a potion of brilliance {unknown}
 t - a potion of invisibility {unknown}


   Skills:
 + Level 5.4 Fighting
 * Level 11.6 Axes
 + Level 5.2 Armour
 + Level 2.4 Dodging
 + Level 0.4 Stealth


You had 8 spell levels left.
You didn't know any spells.
Your spell library was empty.

Dungeon Overview and Level Annotations

Branches:
Dungeon (7/15)             Temple (0/1) D:7           Sewer (visited)

Altars:
Fedhas
Qazlal
Ru
Trog
Uskayaw
The Shining One


Innate Abilities, Weirdness & Mutations

You are completely covered in rugged brown scales. (AC +3, +7% HP)
You have supernaturally acute eyesight. (SInv)
Armour fits poorly on your strangely shaped body.
You can roll at nearby foes to attack.
You have a long armoured tail.
You curl defensively after being hit.


Message History

The killer bee stings you.
* * * LOW HITPOINT WARNING * * *
The killer bee barely misses you.
The killer bee stings you but does no damage.
Unknown command.
You miss the killer bee. You tail-slap the killer bee.
The killer bee is moderately wounded.
You barely miss the killer bee.
You feel sick. The killer bee stings you.
* * * LOW HITPOINT WARNING * * *
The killer bee stings you but does no damage.
You miss the killer bee.
The killer bee is moderately wounded.
You barely miss the killer bee.
You feel sick. The killer bee stings you.
* * * LOW HITPOINT WARNING * * *
The killer bee stings you but does no damage.
The killer bee closely misses you.
The killer bee stings you but does no damage.
You miss the killer bee.
The killer bee is moderately wounded.
You closely miss the killer bee.
You feel sick. The killer bee stings you.
* * * LOW HITPOINT WARNING * * *
The killer bee stings you but does no damage.
You miss the killer bee.
The killer bee is moderately wounded.
You slice the killer bee!!
You kill the killer bee!
Trog accepts your kill.
You are no longer berserk.
You are exhausted.
You feel yourself slow down.
You feel sick.
The killer bee stings you but does no damage.
Unknown command.
You hit the killer bee but do no damage.
Your tail-slap misses the killer bee.
You slash the killer bee!
You feel sick.
The killer bee barely misses you. x2; The killer bee stings you.
* * * LOW HITPOINT WARNING * * *
The killer bee stings you but does no damage.
The killer bee barely misses you. The killer bee completely misses you.
The killer bee stings you.
You die...

#...####.....................##
#......#...................#.##
######.#.........####.........#
#...#........## ##.........
#.#..........# ..###.......
#.#.........## ⌠._# #....)..
#.#.........# ....# #.......
#.#........y#y...# #.......
#.#........@yy..8# #.......
#.#....###'##....# #.....#.
#.#...)....# ....# #.....#.
#.#.##...##### ⌠._# ########
#.#..........# ..# ###
#..........#.# ## #..
####.........# #..
####'######### #####..
#.........### #...#..


You could see 4 killer bees.

Vanquished Creatures
  An unseen horror (D:6)
  A steam dragon (D:6)
  An acid dragon (D:7)
  A water moccasin (D:7)
  2 ice beasts
  A sky beast (D:7)
  4 necrophages
  An orc warrior (D:5)
  A black bear (D:6)
  2 centaurs
  3 ogres
  2 kobold brigands
  3 bullfrogs
  A gnoll sergeant (D:6)
  A wyvern skeleton (D:6)
  2 killer bees (D:7)
  5 wights (D:7)
  A howler monkey (D:4)
  A centaur zombie (D:6)
  2 orc priests
  2 centaur skeletons
  A gnoll shaman (D:7)
  2 jellies (D:6)
  2 hounds
  4 iguanas
  An orc wizard (D:5)
  A hound zombie (D:5)
  A howler monkey skeleton (D:7)
  8 gnolls
  6 adders
  An ufetubus (D:6)
  An adder skeleton (D:5)
  A worm (D:6)
  5 dart slugs
  9 orcs
  12 ball pythons
  4 bats
  16 endoplasms
  12 giant cockroaches
  11 hobgoblins
  4 jackals (D:2)
  20 kobolds
  15 quokkas
  17 frilled lizards
  8 goblins
  5 rats
205 creatures vanquished.

Notes
Turn   | Place    | Note
-------+----------+-------------------------------------------
     0 | D:1      | lawman0 the Palentonga Berserker began the quest for the
                  | Orb.
     0 | D:1      | Reached XP level 1. HP: 19/19 MP: 1/1
   377 | D:1      | Reached XP level 2. HP: 25/25 MP: 2/2
  1293 | D:2      | Reached XP level 3. HP: 29/31 MP: 3/3
  1437 | D:2      | Reached ** piety under Trog
  1548 | D:2      | Reached skill level 4 in Axes
  2182 | D:2      | Reached XP level 4. HP: 29/38 MP: 4/4
  2595 | D:3      | Found a sacrificial altar of Ru.
  2905 | D:3      | Reached *** piety under Trog
  3195 | D:3      | Found a faded altar of an unknown god.
  3300 | D:4      | Reached XP level 5. HP: 35/44 MP: 5/5
  3321 | D:4      | Noticed a necrophage
  3336 | D:4      | Killed a necrophage
  3337 | D:4      | Reached skill level 5 in Axes
  3852 | D:5      | Entered Level 5 of the Dungeon
  3879 | D:5      | Found a hide-covered altar of Uskayaw.
  4052 | D:5      | Reached XP level 6. HP: 49/51 MP: 6/6
  4203 | D:5      | Reached skill level 6 in Axes
  4415 | D:5      | Gained mutation: You curl defensively after being hit.
                  | [Palentonga growth]
  4415 | D:5      | Reached XP level 7. HP: 39/57 MP: 7/7
  4952 | D:5      | Reached skill level 7 in Axes
  5433 | D:5      | Found a bloodstained altar of Trog.
  5641 | D:6      | Found a glowing drain.
  5657 | Sewer    | Entered a sewer
  5781 | Sewer    | Reached **** piety under Trog
  5782 | Sewer    | Reached XP level 8. HP: 61/65 MP: 8/8
  5966 | Sewer    | Reached skill level 8 in Axes
  6415 | D:6      | Reached skill level 9 in Axes
  6428 | D:6      | Reached ***** piety under Trog
  6636 | D:6      | Identified the +4 spear "Bivecesch" {freeze, Fly Dex+2}
  6708 | D:6      | Noticed an unseen horror
  6721 | D:6      | Killed an unseen horror
  6722 | D:6      | Reached skill level 10 in Axes
  6722 | D:6      | Reached XP level 9. HP: 44/71 MP: 9/9
  7130 | D:6      | Reached skill level 5 in Fighting
  7134 | D:6      | Found a blossoming altar of Fedhas.
  7684 | D:7      | Reached skill level 5 in Armour
  7733 | D:7      | Found a staircase to the Ecumenical Temple.
  7863 | D:7      | Reached skill level 11 in Axes
  8602 | D:7      | Found a glowing golden altar of the Shining One.
  8602 | D:7      | Found a stormy altar of Qazlal.
  8623 | D:7      | HP: 1/72 [killer bee (5)]
  8623 | D:7      | Slain by a killer bee

Illustrated notes

Levels and vault maps discovered:
D:1:      dpeg_arrival_chambers_temple_mockup, layout_loops_ring
D:2:      minmay_chambers_of_twos, layout_basic
D:3:      layout_basic, mainiacjoe_overflow_catwalk,
          hellmonk_ecumenical_altar_arch_garden
D:4:      layout_rooms, grunt_ministairs_3
D:5:      layout_layer_cave, lemuel_doored_altar, overflow_temple_1_default,
          minmay_misc_feat_doors, st_stairs_14
D:6:      layout_gridville, marbit_many_paths, cheibrodos_sewer_entry_bend
D:7:      layout_basic, gammafunk_temple_overflow_pools,
          minmay_temple_entry_hall, chequers_decorated_corner

Skill      XL: |  1  2  3  4  5  6  7  8  9 |
---------------+----------------------------+-----
Axes           | 4 5 6 7 10 11 | 11.6
Armour         | 2 3 4 5 |  5.2
Fighting       | 4 5 |  5.4
Dodging        | 2 |  2.4
Stealth        | |  0.4

Action                   |  1- 3 |  4- 6 |  7- 9 || total
-------------------------+-------+-------+-------++-------
Melee: Hand axe          |   169 |   183 |   148 ||   500
       Tailslap          |    16 |    30 |    41 ||    87
       War axe           |       |       |   122 ||   122
       Battleaxe         |       |       |    30 ||    30
Throw: Dart              |     3 |     1 |       ||     4
       Boomerang         |       |       |     1 ||     1
Invok: Berserk           |     3 |     5 |    15 ||    23
 Abil: Rolling Charge    |       |     3 |     4 ||     7
  Use: Scroll            |       |     1 |     3 ||     4
Armor: Animal skin       |    11 |       |       ||    11
       Chain mail        |    51 |    71 |   145 ||   267
Dodge: Dodged            |   105 |    93 |   183 ||   381

Table legend: (Time is in decaauts)
 A = Elapsed time spent in this place.
 B = Non-inter-level travel time spent in this place.
 C = Inter-level travel time spent in this place.
 D = Time resting spent in this place.
 E = Time spent auto-exploring this place.
 F = Levels seen in this place.
 G = Mean time per level.
                   A        B        C        D        E       F      G
               +--------+--------+--------+--------+--------+-----+--------+
         Total |   8914 |   8725 |    189 |    667 |   6500 |   8 | 1114.2 |
       Dungeon |   8466 |   8277 |    189 |    667 |   6281 |   7 | 1209.4 |
         Sewer |    448 |    448 |      0 |      0 |    219 |   1 |  448.0 |
               +--------+--------+--------+--------+--------+-----+--------+

Top non-repeatable levels by time:
     D:5: 1793 daAuts
     D:6: 1699 daAuts
     D:1: 1297 daAuts
     D:2: 1288 daAuts
     D:7: 1034 daAuts
     D:3: 730 daAuts
     D:4: 623 daAuts
   Sewer: 448 daAuts
